 Dungeon Crawl Stone Soup version 0.30-a0-596-g0af90f9a20 (webtiles) character file.

Game seed: 7084567852108887984

2 porpoise the Chopper (level 1, 0/11 HPs)
             Began as a Vine Stalker Gladiator on Jan 7, 2023.
             Slain by a hobgoblin (3 damage)
             ... on level 1 of the Dungeon.
             The game lasted 00:00:26 (85 turns).

porpoise the Chopper (Vine Stalker Gladiator)         Turns: 85, Time: 00:00:27

Health: 0/11       AC:  4    Str: 16    XL:     1   Next: 30%
Magic:  0/2        EV: 12    Int:  8    God:
Gold:   0          SH:  0    Dex: 15    Spells: 0/0 levels left

rFire   . . .      SeeInvis .    a - +0 war axe
rCold   . . .      Faith    .    (no shield)
rNeg    . . .      Spirit   +    b - +0 leather armour
rPois   .          Reflect  .    c - +0 helmet
rElec   .          Harm     .    (no cloak)
rCorr   .          Rampage  .    (no gloves)
Will    .....                    (no boots)
Stlth   +                        (no amulet)
HPRegen 0.21/turn                (no ring)
MPRegen 0.08/turn                (no ring)

@: no status effects
A: fangs 2, magic shield, antimagic bite, no potion heal 2
a: no special abilities


You were on level 1 of the Dungeon.
You visited 1 branch of the dungeon, and saw 1 of its levels.

Inventory:

Hand Weapons
 a - a +0 war axe (weapon)
Missiles
 d - 3 throwing nets (quivered)
 e - a javelin
Armour
 b - a +0 leather armour (worn)
 c - a +0 helmet (worn)
Scrolls
 f - a scroll of identify {unknown}
Potions
 g - a potion of curing {unknown}


   Skills:
 + Level 1.8 Fighting
 * Level 2.8 Axes
 - Level 1.7 Throwing
 - Level 2.4 Dodging


You couldn't memorise any spells.
You didn't know any spells.
Your spell library was empty.

Dungeon Overview and Level Annotations

Branches:
Dungeon (1/15)

Altars:


Innate Abilities, Weirdness & Mutations

You have extremely sharp teeth.
When hurt, damage is shared between your health and your magic reserves.
Your bite disrupts and absorbs the magic of your enemies.
Potions cannot restore your health.


Message History

The giant cockroach bites you but does no damage.
The giant cockroach bites you.
You barely miss the giant cockroach. You bite the giant cockroach.
You kill the giant cockroach!
Magic restored.
f - a scroll labelled CUSKAEL FEHUAWKE
g - a green potion A kobold and a hobgoblin come into view.
Found a hand axe.
Found a faded altar of an unknown god.
The hobgoblin shouts!
The hobgoblin moves out of view.
You hit the kobold. You bite the kobold, but do no damage.
The kobold is moderately wounded.
The kobold hits you with a +0 whip.
You completely miss the kobold.
The kobold is moderately wounded.
The kobold closely misses you. The kobold barely misses you.
You barely miss the kobold. You bite the kobold. You drain its power.
The kobold is severely wounded.
You hit the hobgoblin. The hobgoblin closely misses you.
The kobold closely misses you.
You barely miss the kobold.
The kobold is severely wounded.
You hit the hobgoblin but do no damage. The hobgoblin hits you.
The kobold barely misses you.
You are too injured to fight recklessly!
You are too injured to fight recklessly!
You closely miss the kobold.
The kobold is severely wounded.
You barely miss the hobgoblin. The hobgoblin closely misses you.
The kobold barely misses you. The hobgoblin hits you.
* * * LOW HITPOINT WARNING * * *
The kobold closely misses you.
You hit the kobold.
You kill the kobold!
You barely miss the hobgoblin. The hobgoblin closely misses you.
You closely miss the hobgoblin.
The hobgoblin is lightly wounded.
The hobgoblin hits you.
You die...

.....# .....#
...$.# ..
##+#....
#.#......
#_#.....
#..g)# #@#
#.#####.#####
............##
###########..#
##.## #..#
##.#
#.##########
#..##..##...


You could see a hobgoblin.

Vanquished Creatures
  A giant cockroach (D:1)
  A kobold (D:1)
2 creatures vanquished.

Notes
Turn   | Place    | Note
-------+----------+-------------------------------------------
     0 | D:1      | porpoise the Vine Stalker Gladiator began the quest for the
                  | Orb.
     0 | D:1      | Reached XP level 1. HP: 11/11 MP: 2/2
    77 | D:1      | Found a faded altar of an unknown god.
    85 | D:1      | Slain by a hobgoblin

Illustrated notes

Levels and vault maps discovered:
D:1:      lightli_iron_boxes, layout_basic, ebering_ecumenical_altar_rust,
          serial_shops, nicolae_shop_overgrown_old_shop, corexii_corridor_pit,
          kennysheep_crisscross

Action                   || total
-------------------------++-------
Melee: War axe           ||    11
       Bite              ||     4
       Punch             ||     1
 Stab: Sleeping          ||     1
Armor: Leather armour    ||     3
Dodge: Dodged            ||    10

Table legend: (Time is in decaauts)
 A = Elapsed time spent in this place.
 B = Non-inter-level travel time spent in this place.
 C = Inter-level travel time spent in this place.
 D = Time resting spent in this place.
 E = Time spent auto-exploring this place.
 F = Levels seen in this place.
 G = Mean time per level.
                   A        B        C        D        E       F      G
               +--------+--------+--------+--------+--------+-----+--------+
         Total |     88 |     88 |      0 |      0 |     67 |   1 |   88.0 |
       Dungeon |     88 |     88 |      0 |      0 |     67 |   1 |   88.0 |
               +--------+--------+--------+--------+--------+-----+--------+

Top non-repeatable levels by time:
     D:1: 88 daAuts
